 Dungeon Crawl Stone Soup version 0.25-b1-37-g2669288c55 (webtiles) character file.

Game seed: 15245501840998949772

6701 Elvor the Cleaver (level 10, -12/91 HPs)
             Began as a Deep Dwarf Fighter on June 4, 2020.
             Was a Believer of Elyvilon.
             Mangled by a two-headed ogre
             ... wielding the cursed +7 giant spiked club "Cumohy" {antimagic, rElec rN+}
              (13 damage)
             ... on level 8 of the Dungeon.
             The game lasted 02:00:02 (7676 turns).

Elvor the Cleaver (Deep Dwarf Fighter)              Turns: 7676, Time: 02:00:02

Health: -12/91     AC: 16    Str: 21    XL:     10   Next: 74%
Magic:  0/10       EV:  6    Int: 11    God:    Elyvilon [**....]
Gold:   549        SH: 11    Dex: 12    Spells: 8/9 levels left

rFire    + . .     SeeInvis .   u - +0 broad axe
rCold    x . .     Gourm    .   c - +0 kite shield
rNeg     + . .     Faith    .   d - +0 plate armour
rPois    .         Spirit   .   (no helmet)
rElec    .         Reflect  .   M - +0 cloak
rCorr    .         Harm     .   (no gloves)
MR       +....                  t - +0 pair of boots
Stlth    ..........             (no amulet)
HPRegen  0.00/turn              K - ring of positive energy
MPRegen  0.12/turn              F - ring of fire

@: about to teleport, non-regenerating, studying Fighting
A: damage resistance, heal wounds, sense surroundings 2, no regeneration
a: Heal Wounds, Lesser Healing, Heal Other, Divine Protection, Renounce Religion


You were on level 8 of the Dungeon.
You worshipped Elyvilon.
Elyvilon was pleased with you.
You were hungry.

You visited 2 branches of the dungeon, and saw 10 of its levels.

You collected 549 gold pieces.

Inventory:

Hand Weapons
 a - a +0 war axe
 g - a +3 trident of freezing
 u - a +0 broad axe (weapon)
 w - the +5 scythe "Finisher" {speed, eviscerate}
   (You found it on level 7 of the Dungeon)

   Attacks with this weapon are significantly faster.
Missiles
 x - 42 poisoned darts (quivered)
 E - 6 boomerangs
Armour
 c - a +0 kite shield (worn)
 d - a +0 plate armour (worn)
 t - a +0 pair of boots (worn)
 H - the +2 scale mail "Dugaha" {rN+ MR+ MP-9 Dex+6}
   (You found it on level 7 of the Dungeon)

   It affects your dexterity (+6).
   It protects you from negative energy.
   It affects your resistance to hostile enchantments.
   It affects your magic capacity (-9).
 J - a +0 chain mail of positive energy
 M - a +0 cloak (worn)
Jewellery
 b - an uncursed ring of stealth
 F - a ring of fire (right hand)
 K - a ring of positive energy (left hand)
Wands
 z - a wand of random effects (40)
Scrolls
 h - a scroll of immolation {unknown}
 k - 5 scrolls of fog
 l - 4 scrolls of remove curse
 m - 4 scrolls of amnesia
 n - 2 scrolls of blinking
 p - a scroll of enchant armour {unknown}
 s - a scroll of teleportation
 v - a scroll of noise {unknown}
 y - 2 scrolls of enchant weapon
 L - a scroll of magic mapping {unknown}
Potions
 e - 6 potions of curing {unknown}
 j - a potion of mutation {unknown}
 o - 3 potions of heal wounds {unknown}
 q - a potion of magic {unknown}
 r - 3 potions of lignification {unknown}
 A - a potion of cancellation {unknown}
 B - 2 potions of flight {unknown}
 D - a potion of brilliance {unknown}
 G - a potion of degeneration {unknown}
Books
 i - a manual of Fighting
 C - a manual of Fighting
Comestibles
 f - 4 rations


   Skills:
 * Level 6.1 Fighting
 + Level 11.4 Axes
 + Level 0.8(6.1) Polearms
 + Level 0.4 Throwing
 + Level 8.2 Armour
 + Level 3.2 Dodging
 + Level 0.9 Stealth
 + Level 8.5 Shields
 + Level 5.1 Invocations


You had 8 spell levels left.
You knew the following spells:

 Your Spells              Type           Power        Failure   Level  Hunger
a - Apportation           Tloc           #.....       100%        1    ##.....

Your spell library contained the following spells:

 Spells                   Type           Power        Failure   Level  Hunger
 Animate Skeleton         Necr           N/A          100%        1    ##.....
 Corona                   Hex            #......      100%        1    ##.....
 Magic Dart               Conj           #...         100%        1    ##.....
 Sandblast                Erth           #.....       100%        1    ##.....
 Summon Small Mammal      Summ           #...         100%        1    ##.....
 Ensorcelled Hibernation  Hex/Ice        #.....       100%        2    ###....
 Passwall                 Tmut/Erth      #.......     100%        2    ###....
 Searing Ray              Conj           #.....       100%        2    ###....
 Confusing Touch          Hex            #.......     100%        3    ####...
 Dazzling Flash           Conj/Hex       #.....       100%        3    ####...
 Stone Arrow              Conj/Erth      #.....       100%        3    ####...
 Tukima's Dance           Hex            #.......     100%        3    ####...
 Fulminant Prism          Conj/Hex       #.........   100%        4    #####..
 Iskenderun's Mystic Bla  Conj/Tloc      #.......     100%        4    #####..
 Petrify                  Tmut/Erth      #.......     100%        4    #####..
 Lee's Rapid Deconstruct  Erth           #.........   100%        5    ######.


Dungeon Overview and Level Annotations

Branches:
Dungeon (9/15)             Temple (1/1) D:4
   Lair: D:8-11         Orc: D:9-12

Altars:
Ashenzari
Cheibriados
Dithmenos
Elyvilon
Fedhas
Gozag
Hepliaklqana
Kikubaaqudgha
Makhleb
Nemelex Xobeh
Okawaru
Qazlal
Ru
Sif Muna
Trog
Uskayaw
Vehumet
Wu Jian
Xom
Yredelemnul
Zin
The Shining One

Annotations:
D:8 1 transporter, TreeFish's ghost, novice HuTm


Innate Abilities, Weirdness & Mutations

You are resistant to damage.
You can heal yourself by infusing magical energy.
You passively map the area around you.
You do not regenerate.


Message History

The two-headed ogre is moderately wounded.
You miss TreeFish's ghost. You block TreeFish's ghost's attack.
You block the two-headed ogre's attack.
The two-headed ogre hits you with a +1 vorpal giant spiked club!
You barely miss the two-headed ogre.
The two-headed ogre is moderately wounded.
You hit TreeFish's ghost but do no damage.
TreeFish's ghost hits you. You block the two-headed ogre's attack.
The two-headed ogre hits you with a +1 vorpal giant spiked club!!
* * * LOW HITPOINT WARNING * * *
x2 You block TreeFish's ghost's attack.
As you read the scroll of teleportation, it crumbles to dust.
You feel strangely unstable.
The two-headed ogre hits you with the cursed +7 giant spiked club "Cumohy" {antimagic, rElec rN+}!!
* * * LOW HITPOINT WARNING * * *
You block the two-headed ogre's attack.
TreeFish's ghost hits you but does no damage.
You fail to use your ability.
The two-headed ogre hits you with the cursed +7 giant spiked club "Cumohy" {antimagic, rElec rN+}!
You die...

....##.#.#........###...######...
...........##...........#####....
.....#..............>...#........
####.....#####......)............
#####..###.©.###.................
..###.##*......##.#.)............
......### #.##.##................
.....##.# .# ####.#####.........
.....#..##$.. ##@#..####.........
#...©#y...$_.##WO#©..##..........
#....#...#[..(yCg#...##......>...
.....##.##§#...K##............###
##....#..# #....#.......#........
......######...##.......##.......
#..##..###...###...(...(()(......
#.####...#####...<......##.......
#.# ###.......##.......##.......


You could see a two-headed ogre (berserk), a moth of wrath, a cyclops (berserk),
a big kobold, a gnoll sergeant (berserk) and TreeFish's ghost.

Vanquished Creatures
  2 two-headed ogres (D:9)
  Pikel (D:5)
  Sigmund (D:5)
  A spriggan (D:9)
  4 wraiths (D:7)
  Menkaure (D:5)
  3 water moccasins
  An orc warrior (D:8)
  3 ice beasts
  3 sky beasts
  3 slaves (D:5)
  The ghost of brob1 the Ruffian, an amateur DrTm of Dithmenos (D:3)
  2 ogres
  2 centaurs
  4 big kobolds
  4 bullfrogs
  2 scorpions
  6 killer bees
  4 wights (D:6)
  6 howler monkeys
  A quasit (D:8)
  A bullfrog zombie (D:9)
  2 crimson imps
  3 hounds
  3 jellies
  3 centaur zombies
  3 gnoll shamans
  3 orc priests
  An orc wizard (D:4)
  A bullfrog skeleton (D:8)
  2 centaur skeletons
  4 iguanas
  5 worker ants
  2 hound skeletons
  14 gnolls
  A worker ant zombie (D:8)
  2 howler monkey skeletons
  11 adders
  A shadow imp (D:5)
  2 oozes
  3 adder skeletons
  2 worms
  2 dart slugs
  4 leopard geckos
  25 orcs
  9 bats
  3 giant cockroaches
  5 hobgoblins
  2 jackals (D:4)
  22 kobolds
  2 quokkas
  2 ball pythons
  8 frilled lizards
  6 goblins
  A jackal zombie (D:6)
  3 rats
218 creatures vanquished.

Notes
Turn   | Place    | Note
-------+----------+-------------------------------------------
     0 | D:1      | Elvor the Deep Dwarf Fighter began the quest for the Orb.
     0 | D:1      | Reached XP level 1. HP: 20/20 MP: 1/1
   154 | D:1      | Reached XP level 2. HP: 21/27 MP: 2/2
   664 | D:1      | Reached XP level 3. HP: 30/34 MP: 3/3
  1250 | D:2      | Reached skill level 3 in Axes
  1341 | D:2      | Reached XP level 4. HP: 42/42 MP: 3/3
  1351 | D:2      | Found an ancient bone altar of Kikubaaqudgha.
  1481 | D:3      | Found a snail-covered altar of Cheibriados.
  1899 | D:3      | Found a runed translucent gate.
  1899 | D:3      | Found a runed translucent gate.
  1899 | D:3      | Found a runed translucent gate.
  1899 | D:3      | Noticed brob1's ghost (amateur DrTm)
  2059 | D:3      | Found a shadowy altar of Dithmenos.
  2322 | D:3      | Killed brob1's ghost
  2322 | D:3      | Reached skill level 4 in Axes
  2322 | D:3      | Reached XP level 5. HP: 34/49 MP: 4/4
  2392 | D:4      | Found a staircase to the Ecumenical Temple.
  2417 | Temple   | Entered the Ecumenical Temple
  2500 | Temple   | Became a worshipper of Elyvilon the Healer
  2578 | D:4      | Found an iron altar of Okawaru.
  2608 | D:4      | Reached XP level 6. HP: 28/56 MP: 5/5
  2635 | D:4      | Reached skill level 5 in Shields
  2814 | D:4      | Reached skill level 5 in Axes
  2899 | D:4      | Reached skill level 1 in Dodging
  2997 | D:4      | Reached XP level 7. HP: 28/62 MP: 6/6
  3244 | D:4      | Reached * piety under Elyvilon
  3345 | D:4      | Found a hide-covered altar of Uskayaw.
  3345 | D:4      | Found a basalt altar of Yredelemnul.
  3489 | D:5      | Entered Level 5 of the Dungeon
  3529 | D:5      | Reached skill level 6 in Axes
  3605 | D:5      | Learned a level 1 spell: Apportation
  3756 | D:5      | Noticed Menkaure
  3766 | D:5      | Killed Menkaure
  3766 | D:5      | Reached skill level 5 in Armour
  3869 | D:5      | Noticed Sigmund
  3899 | D:5      | Killed Sigmund
  3899 | D:5      | Reached skill level 1 in Invocations
  3899 | D:5      | Reached XP level 8. HP: 50/72 MP: 6/8
  3947 | D:5      | Noticed Pikel
  3973 | D:5      | Killed Pikel
  3973 | D:5      | Reached skill level 7 in Axes
  3989 | D:5      | Reached skill level 8 in Axes
  4329 | D:6      | Gained mutation: You passively map the area around you.
                  | [Deep Dwarf growth]
  4329 | D:6      | Reached XP level 9. HP: 58/80 MP: 7/9
  4505 | D:6      | Reached ** piety under Elyvilon
  4528 | D:6      | Reached skill level 5 in Fighting
  4638 | D:6      | Reached skill level 9 in Axes
  5377 | D:7      | Found the +5 scythe "Finisher" {speed, eviscerate}
  5770 | D:7      | Got a shimmering scale mail
  5781 | D:7      | Identified the +2 scale mail "Dugaha" {rN+ MR+ MP-9 Dex+6}
                  | (You found it on level 7 of the Dungeon)
  5974 | D:8      | Reached skill level 10 in Axes
  6032 | D:8      | Noticed TreeFish's ghost (novice HuTm)
  6032 | D:8      | Noticed a moth of wrath
  6033 | D:8      | Identified the cursed +7 giant spiked club "Cumohy"
                  | {antimagic, rElec rN+}
  6033 | D:8      | Noticed a two-headed ogre
  6097 | D:8      | Reached XP level 10. HP: 52/88 MP: 12/12
  6125 | D:8      | Found a bloodstained altar of Trog.
  6132 | D:8      | Found a transporter.
  6179 | D:8      | Found a transporter.
  6179 | D:8      | Noticed a cyclops
  6246 | D:8      | Found a radiant altar of Vehumet.
  6544 | D:9      | Noticed a two-headed ogre
  6556 | D:9      | Killed a two-headed ogre
  6706 | D:9      | Reached skill level 11 in Axes
  6747 | D:9      | Reached *** piety under Elyvilon
  7035 | D:9      | Noticed a two-headed ogre
  7186 | D:9      | Killed a two-headed ogre
  7186 | D:9      | Reached skill level 5 in Invocations
  7258 | D:9      | Found an ornate altar of the Wu Jian Council.
  7572 | D:8      | Identified 2 scrolls of acquirement
  7675 | D:8      | HP: 1/91 [two-headed ogre/the cursed +7 giant spiked club
                  | "Cumohy" {antimagic, rElec rN+} (16)]
  7676 | D:8      | Mangled by a two-headed ogre

Illustrated notes

Levels and vault maps discovered:
D:1:      minmay_arrival_cross, layout_basic
D:2:      layout_rooms, marbit_many_paths
D:3:      layout_loops_ring, nicolae_overflow_hidden_temple, first_ration,
          gammafunk_ghost_necromancy, kennysheep_slug_shrine
D:4:      cheibrodos_helix_gallery, layout_basic,
          chequers_temple_overflow_statue_of_worship, minmay_temple_entry_grid,
          minivault_19, okawaru_trees_2
D:5:      layout_rooms, water_boxes_lemuel, uniq_sigmund, uniq_menkaure,
          uniq_pikel
D:6:      layout_basic
D:7:      layout_loops_ring, minmay_guarded_unrand_finisher
D:8:      layout_rooms, lemuel_round_altar, gammafunk_ghost_wrathful_warriors
D:9:      layout_basic, kennysheep_little_box, serial_corexii_hall,
          corexii_hall_statues_s, corexii_hall_statues_i, grunt_pizzeria
Temple:   minmay_temple_bridge_d

Skill      XL: |  1  2  3  4  5  6  7  8  9 10 |
---------------+-------------------------------+-----
Fighting       | 3 4 5 6 |  6.1
Shields        | 4 5 6 7 8 |  8.5
Axes           | 3 4 5 6 8 10 11 | 11.4
Armour         | 4 5 6 7 8 |  8.2
Dodging        | 1 2 3 |  3.2
Invocations    | 1 2 4 5 |  5.1
Polearms       | |  0.8
Throwing       | |  0.4
Stealth        | |  0.9

Action                   |  1- 3 |  4- 6 |  7- 9 | 10-12 || total
-------------------------+-------+-------+-------+-------++-------
Melee: War axe           |   159 |   209 |   386 |       ||   754
       Broad axe         |       |       |    83 |   322 ||   405
       Scythe            |       |       |    13 |       ||    13
Throw: Dart              |       |       |     5 |     4 ||     9
Invok: Lesser Healing    |       |       |    76 |    45 ||   121
       Divine Protection |       |       |       |     1 ||     1
       Purification      |       |       |       |     1 ||     1
 Abil: Heal Wounds       |     2 |     3 |     1 |    10 ||    16
  Use: Scroll            |     1 |       |     3 |     9 ||    13
       Potion            |       |       |       |     1 ||     1
  Eat: Chunk             |     1 |     3 |     4 |     4 ||    12
       Ration            |       |     1 |     6 |     2 ||     9
Armor: Scale mail        |    45 |       |       |       ||    45
       Chain mail        |    31 |   127 |   218 |   109 ||   485
       Plate armour      |       |       |       |    34 ||    34
Dodge: Dodged            |    52 |    41 |   125 |    94 ||   312
Block: Kite shield       |    81 |   128 |   265 |   245 ||   719
